 Dungeon Crawl Stone Soup version 0.17-a0-1989-gfb2cd5c (console) character file.

71 Garrluk the Cudgeler (level 4, 0/44 HPs)
             Began as an Ogre Gladiator on Oct 7, 2015.
             Killed from afar by Ijyb (13 damage)
             ... with a wand of flame
             ... on level 2 of the Dungeon.
             The game lasted 00:03:21 (1800 turns).

Garrluk the Cudgeler (Ogre Gladiator)               Turns: 1800, Time: 00:03:21

Health: 0/44       AC:  3    Str: 20    XL:     4   Next: 24%
Magic:  13/13      EV: 10    Int:  8    God:
Gold:   70         SH:  0    Dex: 10    Spells: 0 memorised, 3 levels left

rFire  . . .     SeeInvis .     a - +0 flail
rCold  . . .     Clarity  .     b - +0 robe
rNeg   . . .     SustAt   .     (no shield)
rPois  .         Gourm    .     c - +0 hat
rElec  .         Spirit   .     (no cloak)
rCorr  .         Warding  .     (gloves unavailable)
rMut   .         Stasis   .     (boots unavailable)
MR     +....                    (no amulet)
Stlth  +.........               p - ring of magical power
                                j - ring of protection from magic

@: somewhat resistant to hostile enchantments, very unstealthy
A: unfitting armour, tough skin 1
a: no special abilities


You were on level 2 of the Dungeon.
You were not hungry.

You visited 1 branch of the dungeon, and saw 2 of its levels.

You collected 70 gold pieces.

Notes
Turn   | Place    | Note
--------------------------------------------------------------
     0 | D:1      | Garrluk the Ogre Gladiator began the quest for the Orb.
     0 | D:1      | Reached XP level 1. HP: 22/22 MP: 1/1
   151 | D:1      | Reached XP level 2. HP: 25/29 MP: 2/2
   558 | D:1      | Reached skill level 5 in Maces & Flails
   879 | D:1      | Reached XP level 3. HP: 36/36 MP: 3/3
  1005 | D:2      | Found a blossoming altar of Fedhas.
  1349 | D:2      | Reached XP level 4. HP: 36/44 MP: 4/4
  1747 | D:2      | Reached skill level 6 in Maces & Flails
  1779 | D:2      | Noticed Ijyb
  1800 | D:2      | Killed from afar by Ijyb

Inventory:

Hand Weapons
 a - a +0 flail (weapon)
Missiles
 d - 3 throwing nets
 k - 66 stones (quivered)
Armour
 b - a +0 robe (worn)
 c - a +0 hat (worn)
Jewellery
 j - a ring of protection from magic (left hand)
   (You found it on level 1 of the Dungeon)
 p - a ring of magical power (right hand)
   (You found it on level 2 of the Dungeon)
Wands
 q - a wand of random effects (27)
   (You found it on level 2 of the Dungeon)
Scrolls
 g - 6 scrolls of identify {unknown}
 h - a scroll of teleportation {unknown}
 i - 2 scrolls of fear {unknown}
 m - a scroll of immolation {unknown}
 o - a scroll of magic mapping {unknown}
 r - a scroll of enchant armour {unknown}
Potions
 f - a potion of cure mutation {unknown}
 l - a potion of curing {unknown}
Comestibles
 e - 3 bread rations
 n - a chunk of flesh

Table legend:
 A = Turns spent in this place as a percentage of turns spent in the entire game.
 B = Non-inter-level travel turns spent in this place as a percentage of non-inter-level travel turns spent in the entire game.
 C = Inter-level travel turns spent in this place as a percentage of turns spent in this place.
 D = Turns resting spent in this place as a percentage of non-inter-level travel turns spent in this place.
 E = Turns spent auto-exploring this place as a percentage of non-inter-level travel turns spent in this place.
 F = Non-inter-level travel turns spent in this place divided by the number of levels of this place that you've seen.
                   A       B       C       D       E      F
               +-------+-------+-------+-------+-------+----------------------
         Total | 100.0 | 100.0 |   0.2 |   4.3 |   9.7 | 221.5
       Dungeon | 100.0 | 100.0 |   0.2 |   4.3 |   9.7 | 221.5
               +-------+-------+-------+-------+-------+----------------------


   Skills:
 - Level 2.6 Fighting
 * Level 6.0 Maces & Flails
 + Level 2.7 Throwing
 - Level 2.6 Dodging


You had 3 spell levels left.
You didn't know any spells.

Dungeon Overview and Level Annotations

Branches:
Dungeon (2/15)

Altars:
Fedhas

Annotations:
D:2 Ijyb


Innate Abilities, Weirdness & Mutations

You are too large for most types of armour.
You have tough skin (AC +1).


Message History

You sock Ijyb!
Ijyb is moderately wounded.
You closely miss Ijyb.
Ijyb is moderately wounded.
Ijyb hits you but does no damage.
The goblin shoots a stone.
The stone barely misses you.
You barely miss Ijyb.
Ijyb is moderately wounded.
Ijyb closely misses you.
The goblin shoots a stone.
The stone hits you.
You closely miss Ijyb.
Ijyb is moderately wounded.
Ijyb barely misses you.
The goblin shoots a stone.
The stone hits you but does no damage. Ijyb closely misses you.
You closely miss Ijyb.
Ijyb is moderately wounded.
The goblin shoots a stone.
The stone hits you but does no damage. Ijyb hits you with a dagger of flaming.
Ijyb burns you.
You close the door.
Ijyb zaps a wand.
The puff of flame hits you!
* * * LOW HITPOINT WARNING * * *
You hit Ijyb.
Ijyb is moderately wounded.
Something unseen opens the door.
Ijyb zaps a wand.
The puff of flame hits you!
You die...

.......(..###
#####≈≈...≈≈###
#≈≈≈≈...≈≈≈≈#
≈≈≈≈≈##'''##≈≈≈#
≈≈≈≈≈#.....#≈≈≈#
.... #.....#...#
.... #.....#...#
.## #...(.##'##
#..)).#...#
#.....#...#
#.....#@g.#
##.....##'##
............#
............#
##########...#
.......#.(.#
...gg..'...#
.......'...#
############


You could see Ijyb.

Table legend:
 A = Kills in this place as a percentage of kills in entire the game.
 B = Kills by you in this place as a percentage of kills by you in the entire game.
 C = Kills by friends in this place as a percentage of kills by friends in the entire game.
 D = Other kills in this place as a percentage of other kills in the entire game.
 E = Experience gained in this place as a percentage of experience gained in the entire game.
 F = Experience gained in this place divided by the number of levels of this place that you have seen.
                   A       B       C       D       E      F
               +-------+-------+-------+-------+-------+----------------------
         Total | 100.0 | 100.0 |  -nan |  -nan | 100.0 |  51.0
       Dungeon | 100.0 | 100.0 |  -nan |  -nan | 100.0 |  51.0
               +-------+-------+-------+-------+-------+----------------------

Vanquished Creatures
  Monster Symbol All 'K'
  2 kobolds
2 creatures vanquished. All 'S' 2 adders (D:2) A ball python (D:1)
3 creatures vanquished. All 'b' 4 bats (D:1)
4 creatures vanquished. All 'g' 9 goblins 4 hobgoblins
13 creatures vanquished. All 'h' 9 jackals
9 creatures vanquished. All 'l' 2 giant geckos 2 giant newts (D:1)
4 creatures vanquished. All 'r' A quokka (D:2) 2 rats (D:1)
3 creatures vanquished. All 's' 3 giant cockroaches (D:1)
3 creatures vanquished. All 'w' A worm (D:2)
1 creature vanquished.
42 creatures vanquished. Monster Nature Natural Monsters 2 adders (D:2) A worm (D:2) 2 giant geckos A ball python (D:1) 3 giant cockroaches (D:1) 9 goblins 4 hobgoblins 2 kobolds A quokka (D:2) 4 bats (D:1) 2 giant newts (D:1) 9 jackals 2 rats (D:1)
42 creatures vanquished.
42 creatures vanquished. Ascending Order A worm (D:2) A ball python (D:1) A quokka (D:2) 2 adders (D:2) 2 giant geckos 2 kobolds 2 giant newts (D:1) 2 rats (D:1) 3 giant cockroaches (D:1) 4 hobgoblins 4 bats (D:1) 9 goblins 9 jackals
42 creatures vanquished.

Action                   |  1- 3 |  4- 6 || total
-------------------------+-------+-------++-------
Melee: Flail             |    96 |    30 ||   126
Throw: Stone             |     9 |       ||     9
       Throwing net      |     1 |       ||     1
 Stab: Held in net/web   |     1 |       ||     1
  Eat: Chunk             |     1 |     2 ||     3
